 Dungeon Crawl Stone Soup version 0.20-a0-277-g7db01f4 (webtiles) character file.

343 Leszczynek the Cudgeler (level 6, -3/47 HPs)
             Began as a Mummy Wanderer on Dec 13, 2016.
             Slain by a mummy (10 damage)
             ... in an ossuary.
             The game lasted 00:11:24 (1721 turns).

Leszczynek the Cudgeler (Mummy Wanderer)            Turns: 1721, Time: 00:11:25

Health: -3/47      AC: 12    Str: 18    XL:     6   Next: 31%
Magic:  6/6        EV:  9    Int: 11    God:
Gold:   13         SH:  0    Dex: 11    Spells: 5/5 levels left

rFire  x . .     SeeInvis .     a - +0 flail
rCold  + . .     Gourm    .     c - +2 scale mail
rNeg   + + +     Faith    .     (no shield)
rPois  ∞         Spirit   .     (no helmet)
rElec  .         Reflect  .     (no cloak)
rCorr  .         Harm     .     o - +1 pair of gloves
MR     .....                    f - +1 pair of boots
Stlth  ..........               (no amulet)
                                (no ring)
                                (no ring)

@: no status effects
A: no food or potions, fire vulnerability, cold resistance 1, negative energy
resistance 3, torment resistance, unbreathing
a: no special abilities


You were in an ossuary.
You were not hungry.

You visited 1 branch of the dungeon, and saw 5 of its levels.
You also visited: Ossuary.

You collected 13 gold pieces.

Inventory:

Hand Weapons
 a - a +0 flail (weapon)
 b - a +0 shortbow
 j - a +0 hand axe
 l - a +0 whip
 p - a +1 hand axe of electrocution
Missiles
 d - 40 arrows
 g - a throwing net (quivered)
Armour
 c - a +2 scale mail (worn)
 f - a +1 pair of boots (worn)
 m - a +0 plate armour
 o - a +1 pair of gloves (worn)
Wands
 n - a wand of digging (18/24)
Scrolls
 e - 2 scrolls of blinking
 h - 3 scrolls of remove curse
 i - a scroll of amnesia
 k - a scroll of identify


   Skills:
 - Level 3.6 Fighting
 + Level 4.5 Maces & Flails
 - Level 3.2 Bows
 - Level 1.5 Armour
 - Level 1.0 Stealth
   Level 1.0 Shields


You had 5 spell levels left.
You didn't know any spells.

Dungeon Overview and Level Annotations

Branches:
Dungeon (5/15)
 Temple: D:4-7

Altars:
Qazlal

Annotations:
D:3 Robin


Innate Abilities, Weirdness & Mutations

You do not eat or drink.
Your flesh is vulnerable to fire.
You are immune to poison.
Your flesh is cold resistant. (rC+)
You are immune to negative energy. (rN+++)
You are immune to unholy pain and torment.
You can survive without breathing.


Message History

The hobgoblin zombie hits you but does no damage.
You closely miss the mummy.
The mummy is lightly damaged.
The goblin zombie hits you.
* * * LOW HITPOINT WARNING * * *
The hobgoblin zombie barely misses you.
Your scale mail prevents you from hitting the mummy.
The mummy is lightly damaged.
The goblin zombie hits you but does no damage.
The hobgoblin zombie closely misses you.
The mummy hits you.
* * * LOW HITPOINT WARNING * * *
You thump the mummy!
The mummy is heavily damaged.
The goblin zombie hits you but does no damage.
The hobgoblin zombie hits you but does no damage.
You hit the mummy.
The mummy is heavily damaged.
The mummy hits you!
You die...

...#
#...#
#...##
.....#
#...#
#...#
##Z..##
#@ZZ..#
##MZ.##
#...#
##'##
#...#
#.∩.#
#...#
#.(.#
#(..#


You could see a mummy, a rat zombie, a quokka zombie, a goblin zombie and a
hobgoblin zombie.

Vanquished Creatures
  Menkaure (D:4)
  A hound (D:4)
  2 orc wizards (D:4)
  2 mummies (Ossuary)
  4 adders
  An ooze (D:1)
  A worm (D:2)
  2 dart slugs (D:1)
  2 leopard geckos
  7 orcs (D:4)
  3 giant cockroaches
  10 goblins
  4 hobgoblins
  3 jackals (D:4)
  A quokka (D:3)
  A ball python (D:3)
  8 bats
  3 frilled lizards
  A gnoll zombie (D:4)
  4 kobolds
  A kobold zombie (D:4)
  6 rats
68 creatures vanquished.

Vanquished Creatures (others)
  An orc (D:4)
1 creature vanquished.

Grand Total: 69 creatures vanquished

Notes
Turn   | Place    | Note
-------+----------+-------------------------------------------
     0 | D:1      | Leszczynek the Mummy Wanderer began the quest for the Orb.
     0 | D:1      | Leszczynek set off with: a +2 scale mail, a +0 hand axe, a +0 shortbow, 16 arrows
     0 | D:1      | Reached XP level 1. HP: 16/16 MP: 1/1
     0 | D:1      | stats 15/11/11 (+4/+4/+4)
     0 | D:1      | and a bow start
   148 | D:1      | Reached XP level 2. HP: 19/23 MP: 2/2
   197 | D:1      | Reached skill level 3 in Fighting
   365 | D:1      | Reached XP level 3. HP: 27/29 MP: 3/3
   467 | D:2      | Found a stormy altar of Qazlal.
   684 | D:2      | Reached skill level 1 in Maces & Flails
   820 | D:3      | Noticed Robin
   893 | D:3      | Reached XP level 4. HP: 20/36 MP: 4/4
  1123 | D:4      | Reached skill level 2 in Maces & Flails
  1153 | D:4      | Noticed a phantom
  1306 | D:5      | Entered Level 5 of the Dungeon
  1365 | D:4      | Reached skill level 3 in Maces & Flails
  1365 | D:4      | Reached XP level 5. HP: 41/41 MP: 5/5
  1379 | D:4      | Noticed Menkaure
  1391 | D:4      | Killed Menkaure
  1391 | D:4      | Reached skill level 4 in Maces & Flails
  1391 | D:4      | Reached XP level 6. HP: 15/47 MP: 6/6
  1646 | D:4      | Found a sand-covered staircase.
  1688 | Ossuary  | Entered an ossuary
  1721 | Ossuary  | Slain by a mummy

Vault maps used:
D:1:      dpeg_arrival_chambers_temple_mockup
D:2:      nicolae_overflow_hidden_temple, first_bread
D:3:      tgw_trog, chequers_ecumenical_altar_lobes, uniq_grinder, uniq_robin
D:4:      enter_ossuary_3, uniq_menkaure
D:5:      okawaru_metal_pillars_3, nicolae_dithmenos_through_a_glass_darkly,
          serial_co_window_serial, co_window_corner_a, co_window_corner_a,
          co_window_paths_a, co_window_of_opportunity_a, co_window_paths_b,
          co_window_corner_b, co_window_2corner, co_window_2corner,
          co_window_sun, glass_columns_a, glass_columns_a,
          yredelemnul_altar_generic, uniq_pikel
Ossuary:  ossuary_minmay_chase

Skill      XL: |  1  2  3  4  5 |
---------------+----------------+-----
Fighting       | 3 |  3.6
Maces & Flails | 1 3 4 |  4.5
Bows           | |  3.2
Armour         | |  1.5
Stealth        | |  1.0
Shields        | |  1.0

Action                   |  1- 3 |  4- 6 || total
-------------------------+-------+-------++-------
Melee: Hand axe          |   164 |     3 ||   167
       Flail             |       |   103 ||   103
       Whip              |       |     9 ||     9
 Fire: Shortbow          |       |    12 ||    12
  Use: Scroll            |     5 |     5 ||    10
Armor: Scale mail        |   103 |    73 ||   176
Dodge: Dodged            |    89 |    59 ||   148
